 Dungeon Crawl Stone Soup version 0.30.0-5-g1a98f26d00 (webtiles) character file.

Game seed: 11238224561169308174

545 cheesebisquit the Fighter (level 7, 0/59 (68) HPs)
             Began as a Green Draconian Fire Elementalist on May 9, 2023.
             Was an Initiate of Vehumet.
             Slain by a wight
             ... wielding a +5 battleaxe of freezing
              (1 damage)
             ... on level 5 of the Dungeon.
             The game lasted 00:10:38 (4270 turns).

cheesebisquit the Fighter (DrFE)                    Turns: 4270, Time: 00:10:38

HP:   0/59 (68)     AC:  6    Str: 10    XL:     7   Next: 6%
MP:   10/10         EV: 12    Int: 17    God:    Vehumet [......]
Gold: 168           SH:  0    Dex: 12    Spells: 9/10 levels left

rFire   + . .        b - staff of fire
rCold   . . .        (no shield)
rNeg    . . .        (body armour unavailable)
rPois   +            (helmet restricted)
rElec   .            (no cloak)
rCorr   .            (no gloves)
SInv    .            (no boots)
Will    .....        (no amulet)
Stlth   ++           (no ring)
HPRegen 0.29/turn    (no ring)
MPRegen 0.12/turn

%: no passive effects
@: attractive, hasted, heavily drained, very quick
A: breathe noxious fumes, AC +6, unfitting armour, poison resistance,
cold-blooded
a: Breathe Noxious Fumes, Renounce Religion


You were on level 5 of the Dungeon.
You worshipped Vehumet.
Vehumet was noncommittal.
You visited 2 branches of the dungeon, and saw 6 of its levels.

You collected 168 gold pieces.

Inventory:

Missiles
 f - 2 atropa-tipped darts
 l - 11 poisoned darts
Magical Staves
 b - a staff of fire (weapon)
 s - a staff of earth
Wands
 h - a wand of digging (6)
Scrolls
 e - 3 scrolls of magic mapping {unknown}
 g - 7 scrolls of identify {unknown}
 j - 3 scrolls of fog {unknown}
 k - a scroll of acquirement {unknown}
 n - 2 scrolls of poison {unknown}
 p - 2 scrolls of amnesia {unknown}
 r - a scroll of fear {unknown}
 t - a scroll of vulnerability {unknown}
Potions
 c - 3 potions of attraction
 d - 3 potions of curing
 i - 3 potions of haste
 m - 2 potions of flight {unknown}
 o - a potion of brilliance {unknown}
 q - a potion of mutation {unknown}


   Skills:
 + Level 8.1 Fighting
 - Level 1.7 Dodging
 - Level 1.7 Stealth
 - Level 2.0 Spellcasting
 - Level 1.0 Conjurations
 - Level 3.0 Fire Magic


You had 9 spell levels left.
You knew the following spells:

 Your Spells              Type           Power      Damage    Failure   Level
a - Foxfire               Conj/Fire      48%        2x1d6     9%          1

Your spell library contained the following spells:

 Spells                   Type           Power      Damage    Failure   Level
 Scorch                   Fire           34%        2d6       9%          2
 Blink                    Tloc           2%         N/A       28%         2
 Inner Flame              Hex/Fire       10%        N/A       30%         3
 Volatile Blastmotes      Fire/Tloc      20%        2d11      30%         3
 Call Canine Familiar     Summ           1%         N/A       50%         3
 Portal Projectile        Hex/Tloc       2%         N/A       50%         3
 Flame Wave               Conj/Fire      12%        2d6       63%         4
 Leda's Liquefaction      Hex/Erth       0%         N/A       88%         4
 Manifold Assault         Tloc           1%         N/A       88%         4
 Storm Form               Tmut/Air       0%         N/A       100%        7


Dungeon Overview and Level Annotations

Branches:
Dungeon (5/15)             Temple (1/1) D:4

Altars:
Cheibriados
Dithmenos
Elyvilon
Fedhas
Gozag
Hepliaklqana
Makhleb
Nemelex Xobeh
Okawaru
Ru
Uskayaw
Vehumet
Wu Jian
Yredelemnul
Zin
The Shining One

Annotations:
D:5 2 transporters, qeuew's ghost, novice MiFi


Innate Abilities, Weirdness & Mutations

You can breathe blasts of noxious fumes.
Your lurid green scales are hard. (AC +6)
You cannot fit into any form of body armour.
Your system is resistant to poisons. (rPois)
You are cold-blooded and may be slowed by cold attacks.


Message History

* * * LOW HITPOINT WARNING * * *
You feel yourself slow down. The wight freezes you.
* * * LOW HITPOINT WARNING * * *
The wight closely misses you.
Your Fighting skill increases to level 8!
You have reached level 7!
Your scales start taking on a lurid green colour.
You learn Poison Magic much quicker.
You can breathe blasts of noxious fumes.
You feel resistant to poisons.
Okay, then.
It was a potion of attraction.
You feel attractive to monsters. The wight closely misses you.
The wight barely misses you.
It was a potion of curing.
You feel better.
You feel yourself speed up. The wight hits you but does no damage.
It was a potion of haste.
You feel yourself speed up. The wight misses you.
Casting: Foxfire (safe; 9% risk of failure)
Press: ? - help, Q - select action, (/) - cycle Dir - look around, f - activate You feel a surge of power!
You conjure some foxfire!
The wight barely misses you. The wight closely misses your foxfire.
You barely miss the wight.
The wight is moderately damaged.
The foxfire hits the wight but does no damage.
The wight is moderately damaged.
The foxfire hits the wight but does no damage.
The wight is moderately damaged.
The wight hits you with a +5 battleaxe of freezing.
* * * LOW HITPOINT WARNING * * *
You feel drained. The wight freezes you.
* * * LOW HITPOINT WARNING * * *
Magic courses through your body.
Casting: Foxfire (safe; 9% risk of failure)
Press: ? - help, Q - select action, (/) - cycle Dir - look around, f - activate You feel a surge of power!
You conjure some foxfire!
The wight hits you with a +5 battleaxe of freezing!
* * * LOW HITPOINT WARNING * * *
You feel drained.
You die...

######.....#....#
#.###...#### #.#
##)## ######### #.#
#.# #...zz.z. #.#
#.# #.# #.# #.# #.#
#.# #.# #)#
#.####.####z#####
#.........v@....#
######.#..v§.......
#.#.......##..
#.........#
###.......#
#.......#
#.........
##########


You could see a wight (ally target).

Vanquished Creatures
  2 ogres (D:5)
  2 wights (D:5)
  2 hounds
  Jessica (D:2)
  3 iguanas
  Robin (D:4)
  2 gnolls (D:1)
  An adder (D:4)
  A worm (D:2)
  2 dart slugs
  9 ball pythons
  7 bats
  5 endoplasms
  A giant cockroach (D:1)
  9 goblins
  10 hobgoblins
  5 jackals (D:1)
  3 quokkas
  A frilled lizard (D:3)
  7 kobolds
  A rat (D:1)
75 creatures vanquished.

Vanquished Creatures (collateral kills)
  A foxfire (D:3)
1 creature vanquished.

Vanquished Creatures (others)
  219 foxfires
219 creatures vanquished.

Grand Total: 295 creatures vanquished

Notes
Turn   | Place    | Note
-------+----------+-------------------------------------------
     0 | D:1      | cheesebisquit the Draconian Fire Elementalist began the
                  | quest for the Orb.
     0 | D:1      | Reached XP level 1. HP: 14/14 MP: 3/3
    98 | D:1      | Reached skill level 1 in Fighting
   160 | D:1      | Reached skill level 2 in Fighting
   160 | D:1      | Reached XP level 2. HP: 25/25 MP: 0/5
   335 | D:1      | Reached skill level 3 in Fighting
   335 | D:1      | Reached XP level 3. HP: 31/31 MP: 3/6
   964 | D:1      | Reached skill level 4 in Fighting
  1296 | D:2      | Reached XP level 4. HP: 28/40 MP: 2/7
  1731 | D:2      | Noticed Jessica
  1735 | D:2      | Killed Jessica
  1979 | D:3      | Found a shadowy altar of Dithmenos.
  2922 | D:4      | Reached skill level 5 in Fighting
  2922 | D:4      | Reached XP level 5. HP: 48/48 MP: 4/8
  3315 | D:4      | Noticed Robin
  3326 | D:4      | Killed Robin
  3522 | D:4      | Found a staircase to the Ecumenical Temple.
  3527 | Temple   | Entered the Ecumenical Temple
  3570 | Temple   | Became a worshipper of Vehumet
  3690 | D:5      | Entered Level 5 of the Dungeon
  3714 | D:5      | Reached skill level 6 in Fighting
  3769 | D:5      | Found a transporter.
  3770 | D:5      | Found a transporter.
  3770 | D:5      | Noticed qeuew's ghost (novice MiFi)
  3770 | D:5      | Noticed a phantom
  3771 | D:5      | Noticed a water moccasin
  3772 | D:5      | Noticed an ogre
  3971 | D:5      | Reached XP level 6. HP: 30/58 MP: 1/9
  4078 | D:5      | Reached skill level 7 in Fighting
  4264 | D:5      | Reached skill level 8 in Fighting
  4264 | D:5      | Your scales start taking on a lurid green colour.
  4264 | D:5      | Reached XP level 7. HP: 7/63 MP: 1/10
  4264 | D:5      | Gained mutation: Your system is resistant to poisons.
                  | (rPois) [Green Draconian growth]
  4270 | D:5      | HP: 1/61 [wight/+5 battleaxe of freezing (10)]
  4270 | D:5      | Slain by a wight

Illustrated notes

Levels and vault maps discovered:
D:1:      dpeg_arrival_morbid_curiosity, layout_loops_ring
D:2:      layout_basic, uniq_jessica
D:3:      layout_basic, mainiacjoe_overflow_chevrons, st_stairs_8,
          serial_bayou_pond_a
D:4:      layout_loops_ring, temple_statues, uniq_robin
D:5:      layout_loops_ring, gammafunk_ghost_arena
Temple:   hellmonk_temple_of_storms

Skill      XL: |  1  2  3  4  5  6 |
---------------+-------------------+-----
Fighting       | 2 3 4 5 6 8 |  8.1
Dodging        | |  1.7
Stealth        | |  1.7
Spellcasting   | |  2.0
Conjurations   | |  1.0
Fire Magic     | |  3.0

Action                     |  1- 3 |  4- 6 |  7- 9 || total
---------------------------+-------+-------+-------++-------
  Melee: Unarmed           |    10 |       |       ||    10
         Staff             |    34 |    37 |     1 ||    72
         Tailslap          |     3 |     5 |       ||     8
   Cast: Foxfire           |    43 |    84 |     2 ||   129
    Use: Potion            |       |       |     4 ||     4
 Armour: Skin              |    13 |    14 |     1 ||    28
  Dodge: Dodged            |    26 |    48 |     4 ||    78
